 Dungeon Crawl Stone Soup version 0.17-a0-1-g1f4be75 (webtiles) character file.

1334 PolkaDot the Martial Artist (level 8, -1/57 HPs)
             Began as an Octopode Monk on Mar 5, 2015.
             Was a Believer of Dithmenos.
             Slain by an ogre
             ... wielding a +0 giant club
              (16 damage)
             ... on level 5 of the Dungeon.
             The game lasted 00:12:42 (5233 turns).

PolkaDot the Martial Artist (Octopode Monk)         Turns: 5233, Time: 00:12:42

Health: -1/57      AC:  1    Str: 11    XL:     8   Next: 61%
Magic:  8/8        EV: 21    Int: 12    God:    Dithmenos [**....]
Gold:   197        SH:  0    Dex: 21    Spells: 2 memorised, 4 levels left

rFire  . . .     SeeInvis .       - Unarmed
rCold  . . .     Clarity  .     (no shield)
rNeg   . . .     SustAb   .     (helmet restricted)
rPois  .         Gourm    .     (no amulet)
rElec  .         Spirit   .     (no ring)
rCorr  .         Warding  .     (no ring)
rMut   .         Stasis   .     (no ring)
MR     .....                    (no ring)
Stlth  +++++.....               (no ring)
                                (no ring)
                                (no ring)
                                (no ring)

@: agile, lethally poisoned (-1 -> -15), wreathed by umbra, heavily drained, not
resistant to hostile enchantments, quite stealthy
A: almost no armour, amphibious, 8 rings, constrict 8, camouflage 1, gelatinous
body 1
a: Shadow Step, Renounce Religion


You were on level 5 of the Dungeon.
You worshipped Dithmenos.
Dithmenos was pleased with you.
You were not hungry.

You visited 2 branches of the dungeon, and saw 6 of its levels.
You also visited: Sewer.

You collected 197 gold pieces.

Inventory:

Scrolls
 d - a scroll of teleportation
 e - 2 scrolls of enchant weapon
 h - 6 scrolls of remove curse
 j - a scroll of amnesia
 m - a scroll of noise {unknown}
 n - a scroll of recharging
 p - 2 scrolls of identify
 q - a scroll of blinking
Potions
 c - a potion of brilliance
 g - a potion of restore abilities
 k - 2 potions of flight
Books
 l - a book of Spatial Translocations

   Spells                             Type                      Level
   a - Apportation                    Translocation                1
   b - Blink                          Translocation                2
   c - Shroud of Golubria             Charms/Translocation         2
   d - Portal Projectile              Translocation                3
   e - Teleport Other                 Translocation                3
   f - Passage of Golubria            Translocation                4
Comestibles
 a - 3 fruits
 b - 5 bread rations
 f - 4 meat rations
 o - 2 slices of pizza


   Skills:
 + Level 5.9(4.7) Fighting
 + Level 5.8(4.6) Dodging
 - Level 2.6(1.5) Stealth
 * Level 8.3(6.9) Unarmed Combat


You had 4 spell levels left.
You knew the following spells:

 Your Spells              Type           Power        Failure   Level  Hunger
q - Blink                 Tloc           N/A          52%         2    ###....
A - Apportation           Tloc           #.........   34%         1    ##.....


Dungeon Overview and Level Annotations

Branches:
Dungeon (5/15)             Temple (1/1) D:4

Altars:
Ashenzari
Cheibriados
Dithmenos
Elyvilon
Fedhas
Makhleb
Nemelex Xobeh
Qazlal
Ru
Trog
Xom
Zin


Innate Abilities, Weirdness & Mutations

You cannot wear most types of armour.
You are amphibious.
You can wear up to eight rings at the same time.
You can use your tentacles to constrict many enemies at once.
Your skin changes colour to match your surroundings (Stealth).
Your rubbery body absorbs attacks (AC +1).


Message History

A rat comes into view.
You tentacle-slap the ogre.
The ogre is heavily wounded.
The ogre hits you with a giant club!!
* * * LOW HITPOINT WARNING * * *
You are too injured to fight recklessly!
You are too injured to fight recklessly!
You are too injured to fight recklessly!
You tentacle-slap the ogre. x2
The ogre is severely wounded.
The ogre completely misses you.
Drink which item? (? for menu, Esc to quit)
It was a potion of agility.
You feel agile all of a sudden.
Drink which item? (? for menu, Esc to quit)
It was a potion of poison.
That liquid tasted very nasty...
You are poisoned.
* * * LOW HITPOINT WARNING * * *
You feel sick. The ogre hits you with a giant club!
You die...

#........## ###.
.....##...# ## ....
#...# # ...# #...## ## .
##...### ##. ##.....###
##.. ##........#####...
#............#....
#@...##..........#
#.....Or..#####.......##
###......## ###.....##
##....## #..<...# ###..#
##......# #..# #...#...#
##.########..###..#
#..........## #..#
#.########.## ##.#


You could see an ogre and a rat.

Vanquished Creatures
  The ghost of Gronka the Shield-Bearer, an average HuFi (D:4)
  Edmund (D:5)
  An ogre (D:5)
  A phantom (D:4)
  2 giant frogs (Sewer)
  A water moccasin zombie (D:4)
  A crimson imp (D:4)
  2 orc priests
  2 hounds (D:4)
  2 centaur skeletons (D:4)
  A giant frog skeleton (D:4)
  2 iguanas
  3 orc wizards (D:4)
  A worker ant (D:5)
  2 hound skeletons (D:4)
  A river rat (D:3)
  A giant mite (Sewer)
  9 adders
  5 worms
  An ooze (D:2)
  16 orcs
  6 giant cockroaches
  7 goblins
  11 hobgoblins
  3 jackals
  3 quokkas
  2 ball pythons (Sewer)
  5 bats
  8 giant geckos
  14 giant newts
  9 kobolds
  A quokka zombie (D:5)
  8 rats
133 creatures vanquished.

Notes
Turn   | Place    | Note
--------------------------------------------------------------
     0 | D:1      | PolkaDot, the Octopode Monk, began the quest for the Orb.
     0 | D:1      | Reached XP level 1. HP: 16/16 MP: 1/1
   275 | D:1      | Reached XP level 2. HP: 14/21 MP: 2/2
   782 | D:2      | Found a burning altar of Makhleb.
   782 | D:2      | Noticed a cacodemon
   889 | D:2      | Reached XP level 3. HP: 26/26 MP: 3/3
   910 | D:2      | Found a shimmering altar of Xom.
   911 | D:2      | Found a snail-covered altar of Cheibriados.
   921 | D:2      | Learned a level 2 spell: Blink
  1018 | D:2      | Found a sparkling altar of Nemelex Xobeh.
  1390 | D:3      | Found a blossoming altar of Fedhas.
  1447 | D:3      | Reached XP level 4. HP: 11/31 MP: 4/4
  1523 | D:3      | Found a glowing drain.
  1549 | Sewer    | Entered a sewer
  1585 | Sewer    | Reached skill level 5 in Unarmed Combat
  1641 | Sewer    | Reached XP level 5. HP: 16/37 MP: 5/5
  1803 | Sewer    | Noticed a giant frog
  1804 | Sewer    | Noticed a giant frog
  1809 | Sewer    | Killed a giant frog
  1815 | Sewer    | Killed a giant frog
  1815 | Sewer    | Reached XP level 6. HP: 16/43 MP: 6/6
  2478 | D:3      | Reached skill level 6 in Unarmed Combat
  3191 | D:3      | Learned a level 1 spell: Apportation
  3448 | D:4      | Noticed Gronka's ghost (average HuFi)
  3460 | D:4      | Killed Gronka's ghost
  3460 | D:4      | Reached XP level 7. HP: 44/49 MP: 7/7
  3476 | D:4      | Reached skill level 5 in Fighting
  3479 | D:4      | Reached skill level 5 in Dodging
  3484 | D:4      | Reached skill level 7 in Unarmed Combat
  3661 | D:4      | Reached XP level 8. HP: 42/56 MP: 8/8
  3686 | D:4      | Found a staircase to the Ecumenical Temple.
  3694 | Temple   | Entered the Ecumenical Temple
  3778 | Temple   | Became a worshipper of Dithmenos the Shadowed
  3778 | Temple   | Acquired Dithmenos' first power
  3810 | D:4      | Found a shattered altar of Ashenzari.
  4494 | D:5      | Entered Level 5 of the Dungeon
  4517 | D:5      | Noticed Edmund
  4862 | D:5      | Reached skill level 8 in Unarmed Combat
  5153 | D:5      | Killed Edmund
  5233 | D:5      | Slain by an ogre

Action                   |  1- 3 |  4- 6 |  7- 9 || total
-------------------------+-------+-------+-------++-------
Melee: Unarmed           |    51 |   151 |   137 ||   339
 Cast: Blink             |       |       |     2 ||     2
  Use: Scroll            |     8 |     1 |     4 ||    13
       Potion            |       |     4 |     3 ||     7
 Stab: Sleeping          |     9 |     6 |     6 ||    21
       Distracted        |     1 |       |     2 ||     3
  Eat: Chunk             |     1 |     7 |     6 ||    14
